 Dungeon Crawl Stone Soup version 0.18-a0-1683-gf9322e6 (webtiles) character file.

4309 Ratboiler the Spear-Bearer (level 10, -2/81 HPs)
             Began as a Black Draconian Wanderer on Apr 3, 2016.
             Was a Priest of Ashenzari.
             Killed themself with a bounced orb of electricity (5 damage)
             ... on level 2 of the Lair of Beasts.
             The game lasted 00:18:13 (10065 turns).

Ratboiler the Spear-Bearer (DrWn)                  Turns: 10065, Time: 00:18:14

Health: -2/81      AC: 10    Str: 18    XL:     10   Next: 11%
Magic:  14/14      EV: 11    Int:  9    God:    Ashenzari [***...]
Gold:   199        SH:  8    Dex: 14    Spells: 0 memorised, 15 levels left

rFire  . . .     SeeInvis +     a - +2 spear (curse)
rCold  . . .     Gourm    .     (armour unavailable)
rNeg   . . .     Faith    .     h - +0 shield (curse)
rPois  +         Spirit   .     (helmet restricted)
rElec  +         Dismiss  .     w - +1 cloak
rCorr  .         Reflect  .     (no gloves)
SustAt .         Harm     .     k - +0 pair of boots
MR     .....                    (no amulet)
Stlth  ++........               (no ring)
                                D - ring of poison resistance (curse)

@: not resistant to hostile enchantments, unstealthy
A: breathe lightning, unfitting armour, electricity resistance, cold-blooded, AC
+7
a: Breathe Lightning, Curse Item, Scrying, Renounce Religion


You were on level 2 of the Lair of Beasts.
You worshipped Ashenzari.
Ashenzari was most pleased with you.
You were not hungry.

You visited 2 branches of the dungeon, and saw 11 of its levels.

You collected 411 gold pieces.
You spent 212 gold pieces at shops.

Inventory:

Hand Weapons
 a - a cursed +2 spear (weapon)
 b - a +1 trident of protection
 B - a +0 mace
Missiles
 f - 32 poisoned needles
Armour
 h - a cursed +0 shield (worn)
 k - a +0 pair of boots (worn)
 w - a +1 cloak (worn)
Jewellery
 D - a cursed ring of poison resistance (left hand)
 O - an uncursed amulet of the gourmand
Wands
 y - a wand of confusion (5/48)
 H - a wand of random effects (29/48)
 I - a wand of random effects (38/48)
Scrolls
 e - 4 scrolls of remove curse
 j - a scroll of random uselessness {unknown}
 n - 3 scrolls of magic mapping {unknown}
 s - 4 scrolls of enchant weapon {unknown}
 t - a scroll of recharging {unknown}
 u - a scroll of fog {unknown}
 v - 3 scrolls of immolation {unknown}
 E - 2 scrolls of fear {unknown}
 J - 3 scrolls of teleportation {unknown}
 M - 2 scrolls of holy word {unknown}
 P - a scroll of amnesia {unknown}
Potions
 g - a potion of magic
 i - 4 potions of cancellation
 m - 3 potions of flight
 o - 2 potions of curing
 p - 2 potions of haste
 q - 2 potions of degeneration {unknown}
 r - a potion of might
 x - a potion of cure mutation
 z - 5 potions of heal wounds {unknown}
 C - 3 potions of ambrosia {unknown}
 F - 3 potions of brilliance
 G - a potion of mutation {unknown}
 K - a potion of agility
 L - a potion of lignification {unknown}
Books
 c - the Collected Works on the Escort

   Spells                             Type                      Level
   a - Summon Small Mammal            Summoning                    1
   b - Call Canine Familiar           Summoning                    3
 A - a Fen Folio

   Spells                             Type                      Level
   a - Corpse Rot                     Necromancy                   2
   b - Stone Arrow                    Conjuration/Earth            3
   c - Leda's Liquefaction            Hexes/Earth                  4
   d - Summon Forest                  Summoning/Translocation      5
   e - Hydra Form                     Transmutation                6
   f - Summon Hydra                   Summoning                    7
Comestibles
 d - 4 bread rations
 l - 2 meat rations
 N - 3 slices of pizza
 Q - 9 fruits


   Skills:
 + Level 5.4 Fighting
 - Level 13.1(15.6) Polearms
 - Level 1.0 Throwing
 + Level 3.4 Dodging
 - Level 1.0(2.1) Shields
 - Level 3.0 Spellcasting
   Level 2.0 Summonings


You had 15 spell levels left.
You didn't know any spells.

Dungeon Overview and Level Annotations

Branches:
Dungeon (9/15)               Lair (2/8) D:8
 Temple: D:4-7          Orc: D:9-12

Altars:
Ashenzari
Elyvilon
Kikubaaqudgha
Nemelex Xobeh
Okawaru
Qazlal
Sif Muna
Vehumet
Yredelemnul
Zin
The Shining One

Shops:
D:5 [   D:6 *[*==

Annotations:
D:3 exclusion: door, Crazy Yiuf, Sigmund
D:4 namelastname112's ghost, novice DrBe
D:7 Joseph


Innate Abilities, Weirdness & Mutations

You can breathe wild blasts of lightning.
Your glossy black scales are hard (AC +7).
Your body does not fit into most forms of armour.
You are resistant to electric shocks.
You are cold-blooded and may be slowed by cold attacks.


Message History

The porcupine is heavily wounded.
You closely miss the porcupine.
The porcupine is heavily wounded.
The porcupine closely misses you.
You are struck by the porcupine's spines.
* * * LOW HITPOINT WARNING * * *
You hit the porcupine but do no damage.
Your tail-slap misses the porcupine.
The porcupine is heavily wounded.
The porcupine bites you!
* * * LOW HITPOINT WARNING * * *
You are struck by the porcupine's spines.
* * * LOW HITPOINT WARNING * * *
You miss the porcupine.
Your tail-slap misses the porcupine.
The porcupine is heavily wounded.
The porcupine closely misses you.
You breathe a wild blast of lightning!
The orb of electricity explodes!
The orb of electricity engulfs the porcupine.
You kill the porcupine!
The orb of electricity engulfs you! You resist.
You die...

, ....... , * ,
##.[...... , ,,**
###......... , ##*,,
#........... , , *
P#.., #........... ,
..... ##...........
,,,
.....####............
, ,
..........#.........>
........##...@†...>..
.......<.............,
.....................
, ,
,...........#.####.###
* , ......<..#.### **#
..........## **, ,
.........## *
,........## * ,
.......P# *** *


There were no monsters in sight!

Vanquished Creatures
  Pikel (D:6)
  A spiny frog (Lair:1)
  Psyche (D:9)
  A hippogriff (Lair:1)
  2 porcupines (Lair:2)
  2 water moccasins
  An orc warrior (D:8)
  A sky beast (D:7)
  A necrophage (D:7)
  A phantom (D:5)
  2 ogres
  A centaur (D:5)
  5 crocodiles
  3 giant frogs
  5 scorpions
  9 wights (D:7)
  A howler monkey (D:6)
  A centaur zombie (D:7)
  2 hounds
  A giant frog zombie (D:6)
  A crimson imp (D:4)
  3 orc priests
  6 orc wizards
  A centaur skeleton (D:4)
  A giant frog skeleton (D:3)
  2 iguanas
  Ijyb (D:3)
  2 worker ants
  4 gnolls (D:8)
  A howler monkey skeleton (D:5)
  10 adders
  7 river rats
  3 shadow imps
  3 oozes
  An adder zombie (D:6)
  An adder skeleton (D:5)
  4 worms
  4 dart slugs
  5 giant geckos
  17 orcs
  A ball python (D:3)
  14 bats
  5 giant cockroaches
  7 goblins
  9 hobgoblins
  10 jackals
  2 quokkas
  4 giant newts
  A jackal zombie (D:6)
  11 kobolds
  2 quokka skeletons (D:4)
  2 quokka zombies (D:6)
  15 rats
202 creatures vanquished.

Vanquished Creatures (others)
  A slave (D:7)
  A centaur (D:7)
  A jelly (D:7)
  18 fungi
  A plant (D:8)
22 creatures vanquished.

Grand Total: 224 creatures vanquished

Notes
Turn   | Place    | Note
--------------------------------------------------------------
     0 | D:1      | Ratboiler the Draconian Wanderer began the quest for the Orb.
     0 | D:1      | Ratboiler set off with: a +2 spear, a +0 mace, the Collected Works on the Escort, a bread ration
     0 | D:1      | Reached XP level 1. HP: 19/19 MP: 4/4
     0 | D:1      | Identified the Collected Works on the Escort
    97 | D:1      | Reached skill level 1 in Polearms
   128 | D:1      | Reached XP level 2. HP: 21/26 MP: 6/6
   335 | D:1      | Reached skill level 2 in Polearms
   347 | D:1      | Found a glowing golden altar of the Shining One.
   586 | D:2      | Reached XP level 3. HP: 28/31 MP: 7/7
   651 | D:2      | Reached skill level 3 in Polearms
   756 | D:2      | Found an iron altar of Okawaru.
   875 | D:2      | Reached XP level 4. HP: 38/38 MP: 8/8
   935 | D:2      | Found a shattered altar of Ashenzari.
  1259 | D:2      | Became a worshipper of Ashenzari the Shackled
  1303 | D:3      | Reached skill level 4 in Polearms
  1504 | D:3      | Noticed Ijyb
  1556 | D:3      | Killed Ijyb
  1634 | D:3      | Found a stormy altar of Qazlal.
  1727 | D:3      | Noticed Sigmund
  1785 | D:3      | Reached skill level 5 in Polearms
  1785 | D:3      | Reached XP level 5. HP: 42/45 MP: 9/9
  2009 | D:3      | Noticed Crazy Yiuf
  2323 | D:3      | Found a sparkling altar of Nemelex Xobeh.
  2503 | D:3      | Found a deep blue altar of Sif Muna.
  2987 | D:3      | Reached XP level 6. HP: 33/51 MP: 10/10
  2994 | D:3      | Reached skill level 6 in Polearms
  3341 | D:4      | Noticed namelastname112's ghost (novice DrBe)
  3478 | D:4      | Found a radiant altar of Vehumet.
  3698 | D:4      | Reached skill level 7 in Polearms
  3923 | D:4      | Your scales start taking on a glossy black colour.
  3923 | D:4      | Reached XP level 7. HP: 57/57 MP: 11/11
  3923 | D:4      | Gained mutation: You are resistant to electric shocks. [Black Draconian growth]
  4051 | D:4      | Found an iron altar of Okawaru.
  4316 | D:5      | Entered Level 5 of the Dungeon
  4345 | D:5      | Reached skill level 8 in Polearms
  4372 | D:5      | Found Teiwoat's Antique Armour Shop.
  4640 | D:5      | Reached * piety under Ashenzari
  4830 | D:5      | Found a white marble altar of Elyvilon.
  4940 | D:6      | Found Biuguel's Jewellery Emporium.
  4967 | D:6      | Found Qobienne's Assorted Antiques.
  4978 | D:6      | Bought a scroll of identify for 42 gold pieces
  4978 | D:6      | Bought a twisted lead wand for 84 gold pieces
  4978 | D:6      | Bought a scroll labeled QAPLOF WAMNA for 21 gold pieces
  4978 | D:6      | Bought a scroll labeled VUSIJE MOOWN for 21 gold pieces
  4978 | D:6      | Bought a scroll labeled RILAINGUVVU for 21 gold pieces
  5129 | D:6      | Found Rajyxen's Jewellery Shop.
  5156 | D:6      | Reached skill level 9 in Polearms
  5156 | D:6      | Reached XP level 8. HP: 57/63 MP: 12/12
  5253 | D:6      | Found Ijok's Antique Armour Boutique.
  5475 | D:6      | Found Ticwiz's Assorted Antiques.
  5489 | D:6      | Bought a blue potion for 23 gold pieces
  6198 | D:7      | Noticed Pikel
  6241 | D:7      | Reached skill level 10 in Polearms
  6301 | D:7      | Noticed Joseph
  6617 | D:6      | Killed Pikel
  6617 | D:6      | Reached skill level 11 in Polearms
  6780 | D:7      | Reached ** piety under Ashenzari
  6804 | D:7      | Reached XP level 9. HP: 70/70 MP: 13/13
  6978 | D:7      | Found a glowing silver altar of Zin.
  7579 | D:7      | Reached skill level 12 in Polearms
  8097 | D:8      | Found an ancient bone altar of Kikubaaqudgha.
  8141 | D:8      | Found a glowing golden altar of the Shining One.
  8143 | D:8      | Noticed an angel
  8176 | D:8      | Found a basalt altar of Yredelemnul.
  8465 | D:8      | Noticed a rime drake
  8508 | D:9      | Noticed Psyche
  8628 | D:9      | Killed Psyche
  8628 | D:9      | Reached skill level 13 in Polearms
  8827 | D:8      | Found a staircase to the Lair.
  8852 | Lair:1   | Entered Level 1 of the Lair of Beasts
  9149 | Lair:1   | Noticed a spiny frog
  9164 | Lair:1   | Killed a spiny frog
  9650 | Lair:1   | Reached *** piety under Ashenzari
  9675 | Lair:1   | Reached XP level 10. HP: 54/80 MP: 14/14
  9830 | Lair:1   | Reached skill level 5 in Fighting
 10064 | Lair:2   | HP: 3/81 [porcupine's spines (8)]
 10065 | Lair:2   | Killed themself with a bounced orb of electricity

Vault maps used:
D:1:      wheals_arrival_linesprint, tso_metal_star
D:2:      old_standard_altar, lemuel_doored_altar
D:3:      grunt_qazlal_sundering, tgw_sif, nemelex_altar_shiori, st_stairs_6,
          kennysheep_generic_room_11, uniq_sigmund, uniq_crazy_yiuf_cottage,
          uniq_iyjb
D:4:      vehumet_crystals, kennysheep_little_box,
          minmay_temple_entry_nine_rooms, okawaru_ov_weapons_minmay
D:5:      elyvilon_altar_4, first_bread, serial_shops, shop
D:6:      serial_shops, shop_fountains, nicolae_shop_crystal, shop, shop,
          nicolae_shop_overgrown_old_shop, roderic_greek_sauvastika
D:7:      kennysheep_mini, lemuel_coloured_pillars_altar, uniq_pikel,
          uniq_joseph
D:8:      grunt_temple_overflow_holy_war, kennysheep_mini_moat,
          grunt_lair_entry_orc_guard_hut
D:9:      tgw_trog, basic_altar, serial_shops, shop_statue, uniq_psyche
Lair:1:   minivault_19, lemuel_fruit_tree
Lair:2:   serial_bayou_pond_b, grunt_forest_large_clearing_hut, uniq_urug

Skill      XL: |  1  2  3  4  5  6  7  8  9 10 |
---------------+-------------------------------+-----
Polearms       | 1 2 3 5 7 9 11 13 | 13.1
Fighting       | 4 5 |  5.4
Dodging        | 2 3 |  3.4
Throwing       | |  1.0
Shields        | |  1.0
Spellcasting   | |  3.0
Summonings     | |  2.0

Action                   |  1- 3 |  4- 6 |  7- 9 | 10-12 || total
-------------------------+-------+-------+-------+-------++-------
Melee: Spear             |   101 |   244 |   644 |    53 ||  1042
Invok: Curse Item        |       |     1 |     2 |       ||     3
 Abil: Breathe Lightning |       |       |     8 |       ||     8
Evoke: Wand              |       |     6 |       |       ||     6
  Use: Scroll            |     5 |     2 |     2 |       ||     9
       Potion            |       |       |     2 |       ||     2
 Stab: Sleeping          |       |     2 |     2 |       ||     4
       Distracted        |       |       |     2 |       ||     2
  Eat: Chunk             |       |     6 |     3 |     2 ||    11
       Bread ration      |       |     1 |     1 |       ||     2
       Meat ration       |       |       |     2 |       ||     2
       Beef jerky        |       |       |     1 |       ||     1
